 Dungeon Crawl Stone Soup version 0.30-a0-760-g5a9884bb7c (webtiles) character file.

Game seed: 16944387388525043853

1448 cforsyth the Zephyrmancer (level 8, -1/41 HPs)
             Began as a Tengu Air Elementalist on Feb 10, 2023.
             Killed from afar by a steam dragon (4 damage)
             ... with a ball of steam
             ... on level 6 of the Dungeon on Feb 11, 2023.
             The game lasted 00:13:47 (6256 turns).

cforsyth the Zephyrmancer (Tengu Air Elementalist)  Turns: 6256, Time: 00:13:48

Health: -1/41      AC:  6    Str: 12    XL:     8   Next: 75%
Magic:  0/17       EV: 15    Int: 23    God:
Gold:   286        SH:  0    Dex: 22    Spells: 8/18 levels left

rFire   + . .      SeeInvis .    l - staff of conjuration
rCold   . . .      Faith    .    (no shield)
rNeg    . . .      Spirit   .    q - +1 robe "Ruerph" {rF+ Str+4 Slay+3}
rPois   .          Reflect  .    (helmet restricted)
rElec   .          Harm     .    w - +2 cloak
rCorr   .          Rampage  .    (no gloves)
Will    .....                    (boots unavailable)
Stlth   ++                       (no amulet)
HPRegen 0.26/turn                e - +6 ring of intelligence
MPRegen 0.15/turn                d - +6 ring of dexterity

@: swift, flying quickly and evasively, very quick
A: beak, talons 3, nimble flight, no potion heal 1
a: no special abilities


You were on level 6 of the Dungeon.
You visited 1 branch of the dungeon, and saw 6 of its levels.

You collected 286 gold pieces.

Inventory:

Armour
 a - a +0 robe
 i - a +4 scale mail of fire resistance
 j - a +0 cloak
 q - the +1 robe "Ruerph" (worn) {rF+ Str+4 Slay+3}
   (You found it on level 4 of the Dungeon)

   Str:       It affects your strength (+4).
   Slay:      It affects your accuracy & damage with ranged weapons and melee
   (+3).
   rF:        It protects you from fire.
 w - a +2 cloak (worn)
Magical Staves
 l - a staff of conjuration (weapon)
Jewellery
 d - a +6 ring of dexterity (right hand)
 e - a +6 ring of intelligence (left hand)
 n - a ring of protection from fire
 r - a ring of protection from fire
 A - a +6 ring of intelligence
Wands
 k - a wand of flame (28)
 m - a wand of polymorph (10)
 p - a wand of paralysis (9)
 s - a wand of mindburst (14)
Scrolls
 c - 7 scrolls of identify {unknown}
 f - a scroll of immolation {unknown}
 o - 2 scrolls of vulnerability {unknown}
 u - a scroll of magic mapping {unknown}
 v - a scroll of poison {unknown}
 y - 4 scrolls of teleportation {unknown}
 C - a scroll of noise {unknown}
Potions
 b - a potion of magic
 g - 2 potions of resistance {unknown}
 h - 2 potions of lignification {unknown}
 t - a potion of brilliance {unknown}
 x - a potion of might {unknown}
 z - a potion of ambrosia {unknown}
 B - a potion of flight {unknown}
 D - a potion of mutation


   Skills:
 - Level 2.1 Dodging
 - Level 2.0 Stealth
 + Level 5.9 Spellcasting
 + Level 8.0 Conjurations
 + Level 8.9 Air Magic


You had 8 spell levels left.
You knew the following spells:

 Your Spells              Type           Power      Damage    Failure   Level
a - Shock                 Conj/Air       100%       1d9       1%          1
b - Static Discharge      Conj/Air       100%       2-7/arc   1%          2
c - Swiftness             Air            48%        N/A       1%          3
d - Airstrike             Air            24%        2d(4-20)  2%          4

Your spell library contained the following spells:

 Spells                   Type           Power      Damage    Failure   Level
 Kiss of Death            Conj/Necr      100%       2d13      1%          1
 Confusing Touch          Hex            6%         N/A       26%         3
 Dispel Undead            Necr           6%         3d8       65%         4


Dungeon Overview and Level Annotations

Branches:
Dungeon (6/15)
 Temple: D:4-7

Altars:
Dithmenos
Elyvilon
Yredelemnul
Zin


Innate Abilities, Weirdness & Mutations

You have a beak for a mouth.
You have claws for feet.
Your magical nature lets you fly swiftly and evasively.
Potions are less effective at restoring your health.


Message History

The steam dragon breathes steam at you. The ball of steam misses you.
You hear an angry hiss.
Casting: Airstrike (dangerous; 2% risk of failure)
Confirm with . or Enter, or press ? or * to list all spells.
Aiming: Airstrike (dangerous; 2% risk of failure)
Press: ? - help, Dir - move target, f/p - steam dragon
Aim: a steam dragon (steam, almost dead, catching its breath, empty space bonus: 7/8)
You miscast Airstrike.
You are very lightly contaminated with residual magic.
Nothing appears to happen.
Something hits you!
A water moccasin comes into view.
Casting: Airstrike (dangerous; 2% risk of failure)
Confirm with . or Enter, or press ? or * to list all spells.
You don't have enough magic to cast this spell.
Unknown command.
A phantom comes into view.
Something hits you but does no damage. x2
Something hits you. Something hits you but does no damage.
Something hits you but does no damage. Something hits you.
The steam dragon breathes steam at you.
The ball of steam hits something!
The ball of steam misses you. Something hits you.
Your magical contamination has completely faded away.
Something hits you. Something completely misses you. Something hits you.
Something hits you. Something hits you!
* * * LOW HITPOINT WARNING * * *
It was a potion of mutation.
You feel extremely strange.
Your system partially rejects the healing effects of potions.
You feel stupid.
You feel clever.
Casting: Airstrike (dangerous; 2% risk of failure)
Confirm with . or Enter, or press ? or * to list all spells.
You feel quick. Something hits you.
* * * LOW HITPOINT WARNING * * *
The steam dragon breathes steam at you. The ball of steam hits you. You resist.
You die...

##...##.....)..).............##§D
#######..........#...........# ..
.####......).....#.......§...##.S
...........>...####...........###
...#######........#..D........#
#### #.......#.....##..###.#
#########.........§§.......# ...
..)....).......{.§............W..
#####....#.....#@#.####....W.....
##.#####......#.# ...........
####...........###.# .........#
...)..>........# #.. #...
#............)...... ...
#..##...........##...
#.#..................
............. .####........


There were no monsters in sight!

Vanquished Creatures
  Eustachio (D:5)
  A steam dragon (D:4)
  2 water moccasins (D:6)
  2 ogres
  A centaur (D:4)
  2 scorpions
  3 wights (D:6)
  A jelly (D:5)
  A hound (D:4)
  An orc priest (D:6)
  Terence (D:2)
  2 iguanas (D:5)
  An orc wizard (D:6)
  Ijyb (D:3)
  Robin (D:2)
  9 adders
  4 gnolls (D:5)
  2 white imps (D:5)
  An ufetubus (D:3)
  2 dart slugs
  12 orcs
  5 endoplasms
  2 giant cockroaches
  20 goblins
  9 hobgoblins
  5 kobolds
  4 quokkas
  7 ball pythons
  8 bats
  3 frilled lizards
  3 rats
117 creatures vanquished.

Notes
Turn   | Place    | Note
-------+----------+-------------------------------------------
     0 | D:1      | cforsyth the Tengu Air Elementalist began the quest for the
                  | Orb.
     0 | D:1      | Reached XP level 1. HP: 10/10 MP: 4/4
   197 | D:1      | Reached XP level 2. HP: 15/15 MP: 0/6
   551 | D:1      | Learned a level 2 spell: Static Discharge
   997 | D:2      | Reached XP level 3. HP: 19/19 MP: 4/7
  1001 | D:2      | Learned a level 3 spell: Swiftness
  1172 | D:2      | Noticed Robin
  1181 | D:2      | Killed Robin
  1294 | D:2      | Noticed Terence
  1582 | D:2      | Reached XP level 4. HP: 20/24 MP: 2/9
  1760 | D:2      | Killed Terence
  1761 | D:2      | Reached skill level 5 in Air Magic
  2196 | D:3      | Noticed Ijyb
  2201 | D:3      | Killed Ijyb
  2202 | D:3      | Gained mutation: Your magical nature lets you fly swiftly
                  | and evasively. [Tengu growth]
  2202 | D:3      | Reached XP level 5. HP: 13/28 MP: 1/10
  2356 | D:3      | Learned a level 4 spell: Airstrike
  3269 | D:4      | Identified the +1 robe "Ruerph" {rF+ Str+4 Slay+3}
  3358 | D:4      | Noticed a centaur
  3360 | D:4      | Killed a centaur
  3361 | D:4      | Reached XP level 6. HP: 19/32 MP: 3/12
  3568 | D:4      | Found a glowing silver altar of Zin.
  3592 | D:4      | Noticed a steam dragon
  3613 | D:4      | Killed a steam dragon
  3614 | D:4      | Reached skill level 5 in Conjurations
  3614 | D:4      | Reached XP level 7. HP: 29/36 MP: 0/14
  4409 | D:5      | Entered Level 5 of the Dungeon
  4708 | D:5      | Found a basalt altar of Yredelemnul.
  4714 | D:5      | Found a white marble altar of Elyvilon.
  4717 | D:5      | Found a shadowy altar of Dithmenos.
  4768 | D:5      | Noticed Eustachio
  4796 | D:5      | Killed Eustachio
  5111 | D:5      | Reached skill level 5 in Spellcasting
  5111 | D:5      | Reached XP level 8. HP: 41/41 MP: 7/16
  5537 | D:5      | You are sucked into a shaft and drop 1 floor!
  5538 | D:6      | Identified the +2 mace "Kusm" {elec, rC+ Str+6 Int-5 Dex-2}
  6255 | D:6      | Gained mutation: Potions are less effective at restoring
                  | your health. [potion of mutation]
  6255 | D:6      | Gained mutation: You are dopey. (Int -2) [potion of
                  | mutation]
  6255 | D:6      | Lost mutation: You are dopey. (Int -2) [potion of mutation]
  6256 | D:6      | Killed from afar by a steam dragon

Illustrated notes

Levels and vault maps discovered:
D:1:      amcnicky_arrival_abandoned_market, layout_basic
D:2:      layout_rooms, hex_tiny, uniq_robin, uniq_terence
D:3:      layout_rooms, uniq_ijyb
D:4:      layout_loops_ring, mainiacjoe_overflow_concentric_impassable
D:5:      layout_loops_corners, minmay_overflow_temple_star_quad,
          uniq_eustachio, uniq_blork_the_orc
D:6:      layout_rooms, minmay_misc_feat_square

Skill      XL: |  1  2  3  4  5  6  7  8 |
---------------+-------------------------+-----
Conjurations   | 2 3 4 5 6 8 |  8.0
Air Magic      | 5 6 7 8 |  8.9
Spellcasting   | 3 4 5 |  5.9
Dodging        | |  2.1
Stealth        | |  2.0

Action                     |  1- 3 |  4- 6 |  7- 9 || total
---------------------------+-------+-------+-------++-------
  Melee: Unarmed           |    11 |       |       ||    11
         Kick              |     3 |       |       ||     3
   Cast: Shock             |    80 |    96 |    37 ||   213
         Static Discharge  |     2 |     5 |     7 ||    14
         Airstrike         |       |     5 |    30 ||    35
         Swiftness         |       |       |     1 ||     1
    Use: Potion            |       |       |     1 ||     1
 Armour: Robe              |     6 |     7 |     9 ||    22
  Dodge: Dodged            |    30 |    26 |    21 ||    77

Table legend: (Time is in decaauts)
 A = Elapsed time spent in this place.
 B = Non-inter-level travel time spent in this place.
 C = Inter-level travel time spent in this place.
 D = Time resting spent in this place.
 E = Time spent auto-exploring this place.
 F = Levels seen in this place.
 G = Mean time per level.
                   A        B        C        D        E       F      G
               +--------+--------+--------+--------+--------+-----+--------+
         Total |   6058 |   5902 |    156 |    443 |   4562 |   6 | 1009.7 |
       Dungeon |   6058 |   5902 |    156 |    443 |   4562 |   6 | 1009.7 |
               +--------+--------+--------+--------+--------+-----+--------+

Top non-repeatable levels by time:
     D:1: 1233 daAuts
     D:4: 1159 daAuts
     D:5: 1055 daAuts
     D:2: 1039 daAuts
     D:3: 875 daAuts
     D:6: 695 daAuts
